 Dungeon Crawl Stone Soup version 0.20.1-1-g8b1a95d (webtiles) character file.

146 froobite the Skirmisher (level 5, -3/48 HPs)
             Began as a Minotaur Abyssal Knight on Aug 3, 2017.
             Was a Believer of Lugonu.
             Slain by a worker ant (5 damage)
             ... on level 3 of the Dungeon.
             The game lasted 00:07:42 (1914 turns).

froobite the Skirmisher (Minotaur Abyssal Knight)   Turns: 1914, Time: 00:07:43

Health: -3/48      AC: 11    Str: 15 (18) XL:     5   Next: 7%
Magic:  4/4        EV:  3    Int: 10 (11) God:    Lugonu [**....]
Gold:   131        SH:  6    Dex:  7 (9)  Spells: 4/4 levels left

rFire    . . .     SeeInvis .   a - +1 hand axe
rCold    . . .     Gourm    .   w - +0 shield
rNeg     . . .     Faith    .   q - +0 plate armour
rPois    .         Spirit   .   (helmet restricted)
rElec    .         Reflect  .   (no cloak)
rCorr    .         Harm     .   (no gloves)
MR       .....                  (no boots)
Stlth    ..........             (no amulet)
Regen    0.2/turn               (no ring)
MPRegen  0.1/turn               (no ring)

@: lethally poisoned (-3 -> -4)
A: retaliatory headbutt, horns 2, repulsion field 1, clever 1, low mp 1
a: Depart the Abyss, Bend Space, Renounce Religion


You were on level 3 of the Dungeon.
You worshipped Lugonu.
Lugonu was pleased with you.
You were not hungry.

You visited 1 branch of the dungeon, and saw 3 of its levels.
You visited the Abyss 1 time.

You collected 131 gold pieces.

Inventory:

Hand Weapons
 a - a +1 hand axe (weapon)
 l - a +1 short sword of holy wrath
Missiles
 o - 2 javelins (quivered)
Armour
 b - a +0 leather armour
 e - a +0 ring mail
 q - a +0 plate armour (worn)
 w - a +0 shield (worn)
Jewellery
 g - an uncursed ring of fire {unknown}
 m - an uncursed ring of positive energy {unknown}
Scrolls
 d - 3 scrolls of identify {unknown}
 f - 2 scrolls of fog {unknown}
 j - 2 scrolls of enchant armour {unknown}
 k - a scroll of random uselessness {unknown}
 n - a scroll of immolation {unknown}
 u - a scroll of remove curse {unknown}
Potions
 h - a potion of might
Comestibles
 c - 2 bread rations
 i - a chunk of flesh
 p - 3 fruits
 r - a meat ration


   Skills:
 + Level 5.0 Fighting
 + Level 4.1 Axes
 + Level 3.4 Armour
 + Level 1.8 Dodging
 + Level 0.1 Stealth
 + Level 2.1 Invocations


You had 4 spell levels left.
You didn't know any spells.

Dungeon Overview and Level Annotations

Branches:
Dungeon (3/15)

Altars:
Elyvilon
Okawaru
Trog


Innate Abilities, Weirdness & Mutations

You reflexively headbutt those who attack you in melee.
You have a pair of horns on your head.
You are surrounded by a mild repulsion field. (EV +2)
Your mind is acute. (Int +2)
Your magical capacity is low. (-10% MP)


Message History

The worker ant is heavily wounded.
You feel sick.
The worker ant bites you but does no damage.
You closely miss the worker ant.
The worker ant is heavily wounded.
You block the worker ant's attack.
The worker ant bites you but does no damage.
You hit the worker ant.
You headbutt the worker ant, but do no damage.
The worker ant is heavily wounded.
You block the worker ant's attack.
You closely miss the worker ant. Your headbutt misses the worker ant.
The worker ant is heavily wounded.
The worker ant waves its antennae.
The worker ant bites you but does no damage.
You hit the worker ant but do no damage.
Your headbutt misses the worker ant.
The worker ant is heavily wounded.
You feel sick. The worker ant bites you.
You die...

......#.....
###
.............
...
.##.#..##.#.#
...
.............
#.#
..#####.######
#.# ..##... #
# #.#....... #
#.##.#..# . #
#..a@...# #
####.#### #
#.# # #.# #
#.# #
####.#### #
#.......#
#.##.##.#
#.##.##.######
####


You could see a worker ant.

Vanquished Creatures
  Terence (D:3)
  2 adders
  4 gnolls (D:3)
  2 worms
  2 dart slugs
  3 leopard geckos
  3 giant cockroaches
  6 goblins
  2 hobgoblins
  13 kobolds
  A quokka (D:3)
  2 ball pythons (D:3)
  2 bats (D:1)
  5 frilled lizards
  10 rats
58 creatures vanquished.

Notes
Turn   | Place    | Note
-------+----------+-------------------------------------------
     0 | Abyss:1  | froobite the Minotaur Abyssal Knight began the quest for the Orb.
     0 | Abyss:1  | Reached XP level 1. HP: 19/19 MP: 1/1
    10 | Abyss:2  | Found a corrupted altar of Lugonu.
    72 | Abyss:2  | Found a corrupted altar of Lugonu.
   138 | Abyss:2  | Noticed a chaos spawn
   149 | Abyss:2  | Noticed a sixfirhy
   153 | D:1      | Escaped the Abyss
   165 | D:1      | Gained mutation: You are weak. (Str -2) [potion of mutation]
   165 | D:1      | Gained mutation: Your body sometimes deteriorates upon taking damage. [potion of mutation]
   165 | D:1      | Gained mutation: You are partially covered in molten scales. (AC +2) [potion of mutation]
   316 | D:1      | Reached skill level 4 in Fighting
   339 | D:1      | Reached XP level 2. HP: 26/27 MP: 2/2
   364 | D:1      | Reached * piety under Lugonu
   738 | D:1      | Lost mutation: You are weak. (Str -2) [potion of mutation]
   738 | D:1      | Lost mutation: Your body sometimes deteriorates upon taking damage. [potion of mutation]
   738 | D:1      | Lost mutation: You are partially covered in molten scales. (AC +2) [potion of mutation]
   738 | D:1      | Gained mutation: You are surrounded by a mild repulsion field. (EV +2) [potion of mutation]
   738 | D:1      | Gained mutation: Your magical capacity is low. (-10% MP) [potion of mutation]
   738 | D:1      | Gained mutation: Your mind is acute. (Int +2) [potion of mutation]
   801 | D:2      | Found a bloodstained altar of Trog.
   977 | D:2      | Reached XP level 3. HP: 34/34 MP: 3/3
  1098 | D:2      | Found a white marble altar of Elyvilon.
  1331 | D:2      | Reached ** piety under Lugonu
  1621 | D:3      | Reached XP level 4. HP: 31/41 MP: 4/4
  1633 | D:3      | Noticed Terence
  1649 | D:3      | Killed Terence
  1664 | D:3      | Found an iron altar of Okawaru.
  1785 | D:3      | Reached skill level 5 in Fighting
  1785 | D:3      | Reached XP level 5. HP: 9/48 MP: 4/4
  1910 | D:3      | HP: 2/48 [poisoned by a worker ant]
  1914 | D:3      | Slain by a worker ant

Skill      XL: |  1  2  3  4 |
---------------+-------------+-----
Fighting       | 4 5 |  5.0
Invocations    | 2 |  2.1
Axes           | 3 4 |  4.1
Armour         | 3 |  3.4
Dodging        | |  1.8
Stealth        | |  0.1

Action                   |  1- 3 |  4- 6 || total
-------------------------+-------+-------++-------
Melee: Hand axe          |   107 |    64 ||   171
       Headbutt          |    12 |    11 ||    23
Invok: Depart the Abyss  |     1 |       ||     1
  Use: Potion            |     2 |     5 ||     7
  Eat: Chunk             |     2 |     1 ||     3
Armor: Ring mail         |    38 |       ||    38
       Plate armour      |    28 |    44 ||    72
Dodge: Dodged            |    56 |    15 ||    71
Block: Shield            |       |     9 ||     9
